Map: Megaton

Players

Odin

  • Race: Protoss Protoss
  • League: Platinum
  • Spawn Location: 5:00

A.I. 1 (Harder) - Winner!

  • Race: Protoss Protoss
  • Spawn Location: 12:00

A.I. 2 (Harder) - Winner!

  • Race: Protoss Protoss
  • Spawn Location: 11:00

A.I. 3 (Harder) - Winner!

  • Race: Protoss Protoss
  • Spawn Location: 0:00

A.I. 4 (Harder) - Winner!

  • Race: Protoss Protoss
  • Spawn Location: 0:00

VOD

Have the link to the VOD?

Description

Time

  • Played on: Dec. 17, 2018, 1:34 p.m.
  • Length: 3:18
Show
View Real Time Build Order
Export as new Build Order

Odin Protoss 

Build Orders: Cannon Rush 

Get SALT Encoding   

  12  0:01  Probe  
  13  0:14  Pylon  
  13  0:21  Probe  
  14  0:31  Probe  
  14  0:34  Forge  
  15  0:43  Probe  
  16  0:59  Pylon  
  16  1:07  Pylon  
  16  1:22  Photon Cannon  
  16  1:35  Photon Cannon  
  16  1:44  Photon Cannon  
  16  1:51  Photon Cannon  
  16  2:07  Photon Cannon  
  16  2:27  Probe  
  17  2:42  Nexus  
  17  2:43  Photon Cannon  
  17  2:56  Probe  
  18  3:10  Gateway  
  18  3:12  Assimilator  
  18  3:17  Assimilator  
Show
View Real Time Build Order
Export as new Build Order

A.I. 1 (Harder) Protoss - Winner!

Build Orders:  

Get SALT Encoding   

  12  0:00  Probe  
  13  0:13  Probe  
  14  0:21  Pylon  
  14  0:25  Probe  
  15  0:35  Probe  
  16  0:43  Probe  
  16  0:47  Assimilator  
  17  0:52  Gateway, Probe  
  18  1:00  Probe  
  18  1:02  Pylon  
  19  1:22  Probe  
  20  1:38  Zealot  
  20  1:42  Cybernetics Core  
  20  1:45  Gateway  
  22  1:48  Assimilator  
  22  2:05  Pylon  
  22  2:17  Adept  
  22  2:31  Stalker  
  24  2:42  Zealot  
  26  2:53  Pylon  
Show
View Real Time Build Order
Export as new Build Order

A.I. 2 (Harder) Protoss - Winner!

Build Orders:  

Get SALT Encoding   

  12  0:01  Probe  
  13  0:13  Probe  
  14  0:21  Pylon  
  14  0:25  Probe  
  15  0:35  Probe  
  16  0:43  Probe  
  17  0:52  Probe  
  17  0:54  Gateway  
  18  1:04  Pylon  
  18  1:06  Assimilator  
  18  1:18  Probe  
  19  1:30  Probe  
  20  1:42  Zealot  
  20  1:43  Probe  
  20  1:44  Gateway  
  20  1:46  Cybernetics Core  
  23  1:50  Assimilator  
  23  1:56  Probe  
  23  1:59  Pylon  
  24  2:04  Probe  
  24  2:14  Probe  
  25  2:22  Stalker  
  28  2:28  Probe  
  27  2:30  Stalker  
  29  2:41  Pylon  
  29  2:43  Probe  
  34  3:18  Gateway  
Show
View Real Time Build Order
Export as new Build Order

A.I. 3 (Harder) Protoss - Winner!

Build Orders:  

Get SALT Encoding   

  12  0:01  Probe  
  13  0:13  Probe  
  14  0:22  Pylon  
  14  0:25  Probe  
  15  0:36  Probe  
  16  0:44  Probe  
  17  0:50  Assimilator  
  17  0:52  Probe  
  17  0:54  Gateway  
  18  1:00  Probe  
  18  1:04  Pylon  
  19  1:24  Probe  
  20  1:42  Zealot  
  22  1:52  Probe  
  22  1:56  Cybernetics Core  
  22  1:58  Gateway  
  22  2:00  Probe, Assimilator  
  15  2:08  Probe  
  13  2:23  Probe  
  14  2:33  Stalker  
  14  2:35  Probe  
Show
View Real Time Build Order
Export as new Build Order

A.I. 4 (Harder) Protoss - Winner!

Build Orders:  

Get SALT Encoding   

  12  0:01  Probe  
  13  0:13  Probe  
  14  0:21  Pylon  
  14  0:25  Probe  
  15  0:35  Probe  
  16  0:43  Probe  
  16  0:48  Assimilator  
  17  0:52  Gateway, Probe  
  18  1:00  Probe  
  19  1:15  Pylon  
  19  1:23  Probe  
  20  1:39  Zealot  
  20  1:46  Cybernetics Core  
  22  1:48  Gateway  
  22  2:01  Assimilator  
  22  2:02  Zealot  
  22  2:10  Pylon  
  19  2:29  Zealot  
  13  2:33  Probe  
  13  2:35  Stalker  
  12  2:45  Probe  
  13  2:56  Probe  
  14  3:04  Probe  
Tags
 
Add a new tag
Caveats
  • Supply blocks, unpowered buildings, or Contaminate may cause inaccurate times.
  • Supply counts are checked every 10 seconds.